CHICAGO vs WINNIPEG

Created - Monday, June 04, 2018 at 20:18

Goals
1 2 3 OT1 T
CHICAGO 0 1 1 1 3
WINNIPEG 2 0 0 0 2
Shots
1 2 3 OT1 T
CHICAGO 11 6 10 8 35
WINNIPEG 8 19 16 12 55

1st period

1. WINNIPEG , Sidney Crosby 8 (Alexander Ovechkin 7, Christopher Tanev 4) at 0:22
2. WINNIPEG , Christopher Tanev 2 (Sidney Crosby 13, Alexander Edler 3) at 15:09

Penalties :
Patrick Eaves (WPG) for Roughing (Minor) at 2:47, Matt Dumba (CHI) for Hooking (Minor) at 16:02, Patrick Eaves (WPG) for Hooking (Minor) at 16:41

2nd period

3. CHICAGO , Filip Forsberg 11 (Ryan O'Reilly 12) at 7:38

Penalties :
Michael Del Zotto (CHI) for Holding (Minor) at 10:56, Tyler Bozak (CHI) for Hooking (Minor) at 13:42

3rd period

4. CHICAGO , James Neal 6 (Tyler Bozak 6) at 19:32 (PP)

Penalties :
Michael Del Zotto (CHI) for High sticking (Minor) at 4:34, Sidney Crosby (WPG) for High sticking (Minor) at 5:07, Connor Murphy (CHI) for Tripping (Minor) at 5:07, Filip Forsberg (CHI) for Hooking (Minor) at 9:40, James Neal (CHI) for Interference (Minor) at 15:30, Brandon Sutter (WPG) for Interference (Minor) at 18:37

Overtime #1

5. CHICAGO , Rick Nash 5 (Connor Murphy 3, Tyler Bozak 7) at 6:11 (PP)

Penalties :
Nick Leddy (CHI) for High sticking (Minor) at 0:43, Nick Holden (WPG) for Holding (Minor) at 5:02

Goalie Stats

Marc-Andre Fleury (CHI), 53 saves from 55 shots - (0.964), W, 7-4-0, 65:40 minutes
Braden Holtby (WPG), 32 saves from 35 shots - (0.914), OTL, 6-3-1, 66:12 minutes

Players Stats for CHICAGO

Player Name              G  A  P  +/- PIM S  H  SB GA TA FO     MP     PP MP  PK MP  
------------------------------------------------------------------------------------
Carl Hagelin             0  0  0   0  0   1  0  1  0  0  0/3    19:03   0:00   7:37 
Chris Stewart            0  0  0   0  0   3  1  0  0  0  0/0     3:36   0:00   0:00 
Connor Murphy            0  1  1   1  2   0  1  0  0  0  0/0    19:55   2:46   4:41 
Erik Haula               0  0  0   0  0   0  0  1  0  0  18/31  18:47   0:00   7:21 
Filip Forsberg           1  0  1   0  2   6  1  0  0  0  0/0    21:23   2:05   0:20 
James Neal               1  0  1  -1  2   5  3  0  0  0  0/1    17:16   2:37   0:00 
James van Riemsdyk       0  0  0  -1  0   1  1  1  0  0  0/2    17:01   2:05   0:00 
Jared Spurgeon           0  0  0  -1  0   2  0  6  0  0  0/0    27:20   2:15   6:51 
Lance Bouma              0  0  0   0  0   0  1  0  0  0  0/0     7:06   0:00   3:30 
Mark Pysyk               0  0  0   1  0   1  1  1  0  0  0/0    19:40   0:00   7:28 
Matt Dumba               0  0  0  -1  2   0  8  1  0  0  0/0    22:13   2:27   1:50 
Michael Del Zotto        0  0  0   0  4   0  4  2  0  0  0/0    18:53   0:00   3:15 
Nick Leddy               0  0  0  -2  2   1  1  2  0  0  0/0    23:42   1:56   1:00 
Rick Nash                1  0  1   0  0   4  1  0  0  0  0/2    19:59   2:37   0:00 
Ryan O'Reilly            0  1  1   0  0   7  0  0  0  0  16/28  21:04   2:05   0:00 
Shawn Matthias           0  0  0   0  0   1  1  0  0  0  4/7     3:52   0:00   0:16 
Tyler Bozak              0  2  2  -1  2   2  0  0  0  0  13/25  17:32   2:37   0:00 
Zack Smith               0  0  0   0  0   1  4  0  0  0  3/5    16:02   0:00   4:36 

Players Stats for WINNIPEG

Player Name              G  A  P  +/- PIM S  H  SB GA TA FO     MP     PP MP  PK MP  
------------------------------------------------------------------------------------
Alex Biega               0  0  0   0  0   0  0  0  0  0  0/0     0:00   0:00   0:00 
Alexander Edler          0  1  1   2  0   4  4  2  0  0  0/0    28:18   6:07   2:23 
Alexander Ovechkin       0  1  1   2  0   4  5  0  0  0  0/2    26:57   6:07   0:00 
Ben Hutton               0  0  0  -1  0   1  0  0  0  0  0/0    12:48   0:00   0:00 
Bo Horvat                0  0  0   0  0   3  2  0  0  0  17/34  20:22   4:06   1:30 
Brandon Sutter           0  0  0  -1  2   1  0  0  0  0  13/21  16:02   0:00   2:58 
Cam Atkinson             0  0  0   2  0   9  0  2  0  0  0/2    28:37   7:01   0:02 
Christopher Tanev        1  1  2   2  0   2  1  2  0  0  0/0    21:35   0:00   3:20 
Gustav Forsling          0  0  0   0  0   0  0  0  0  0  0/0     0:00   0:00   0:00 
Jannik Hansen            0  0  0   0  0   0  0  0  0  0  0/0     0:00   0:00   0:00 
Matt Hunwick             0  0  0  -1  0   1  0  1  0  0  0/0    15:07   0:00   2:19 
Matt Moulson             0  0  0   0  0   0  0  0  0  0  0/0     1:10   0:00   0:12 
Nic Dowd                 0  0  0   0  0   0  0  0  0  0  0/0     0:00   0:00   0:00 
Nick Holden              0  0  0   0  2   2  2  2  0  0  0/0    24:08   5:00   1:22 
Patrick Eaves            0  0  0   0  4   5  1  0  0  0  1/2    19:47   4:05   0:00 
Patrick Marleau          0  0  0   0  0   4  1  0  0  0  0/2    23:36   7:01   0:51 
Pierre-Alexandre Parente 0  0  0  -1  0   1  1  0  0  0  0/2    13:54   0:00   0:49 
Sidney Crosby            1  1  2   2  2   11 3  0  0  0  19/38  27:33   7:00   0:00 
Sven Baertschi           0  0  0  -1  0   5  0  0  0  0  0/1    21:59   4:06   3:02 
Troy Stecher             0  0  0   0  0   2  1  1  0  0  0/0    21:01   5:00   0:00 

3 Stars

1 - Marc-Andre Fleury (CHI)
2 - Christopher Tanev (WPG)
3 - Sidney Crosby (WPG)

Power Play

CHICAGO - 2 on 4 Attempt(s) - 50.00%
WINNIPEG - 0 on 7 Attempt(s) - 0.00%

Penalty Kill

CHICAGO - 7 on 7 Attempt(s) - 100.00% - Score 0 goal in Penalty Kill
WINNIPEG - 2 on 4 Attempt(s) - 50.00% - Score 0 goal in Penalty Kill

Team Stat

CHICAGO - Hits : 28 - Faceoff Wins : 54 - Blocked Shots : 15 - Penalty Minutes : 16
WINNIPEG - Hits : 21 - Faceoff Wins : 50 - Blocked Shots : 10 - Penalty Minutes : 10

Official

Referees : Unknown
Linesman : Unknown

Game Notes

No Game Note

Finance

Level 1 -- Attendance: 6000 (100.00%) -- Ticket Income $516,000
Level 2 -- Attendance: 5000 (100.00%) -- Ticket Income $255,000
Level 3 -- Attendance: 2000 (100.00%) -- Ticket Income $2,000
Level 4 -- Attendance: 4000 (100.00%) -- Ticket Income $64,000
Luxury Box -- Attendance: 1000 (100.00%) -- Ticket Income $174,000
Game was played at the MTS Centre.
Total Attendance: 18000 (100.00%)
Total Ticket Income: $1,011,000
Total Income: $1,011,000

CHICAGO

5 vs 5 Forward 
   Center                   Left Wing                Right Wing               Time % Phy DF OF 
 1 Ryan O'Reilly            Rick Nash                Filip Forsberg           35     1   1  3  
 2 Tyler Bozak              James van Riemsdyk       James Neal               30     1   1  3  
 3 Erik Haula               Carl Hagelin             Zack Smith               25     1   2  2  
 4 Shawn Matthias           Lance Bouma              Chris Stewart            10     1   2  2  

5 vs 5 Defense 
   Defense                  Defense                                           Time % Phy DF OF 
 1 Matt Dumba               Nick Leddy                                        35     1   2  2  
 2 Jared Spurgeon           Michael Del Zotto                                 30     1   2  2  
 3 Connor Murphy            Mark Pysyk                                        25     1   2  2  
 4 Nick Leddy               Jared Spurgeon                                    10     1   2  2  

PowerPlay Forward 
   Center                   Left Wing                Right Wing               Time % Phy DF OF 
 1 Ryan O'Reilly            James van Riemsdyk       Filip Forsberg           60     1   1  3  
 2 Tyler Bozak              Rick Nash                James Neal               40     1   1  3  

PowerPlay Defense
   Defense                  Defense                                           Time % Phy DF OF 
 1 Jared Spurgeon           Nick Leddy                                        60     1   2  2  
 2 Connor Murphy            Matt Dumba                                        40     1   2  2  

Penalty Kill 4 Players Forward 
   Center                   Wing                     Time % Phy DF OF 
 1 Erik Haula               Carl Hagelin             60     1   4  0  
 2 Zack Smith               Lance Bouma              40     1   4  0  

Penalty Kill 4 Players Defense
   Defense                  Defense                  Time % Phy DF OF 
 1 Jared Spurgeon           Mark Pysyk               60     1   4  0  
 2 Connor Murphy            Michael Del Zotto        40     1   4  0  

Penalty Kill - 3 Players Forward 
   Forward                                           Time % Phy DF OF 
 1 Zack Smith                                        60     1   4  0  
 2 Filip Forsberg                                    40     1   4  0  

Penalty Kill - 3 Players Defense
   Defense                  Defense                  Time % Phy DF OF 
 1 Jared Spurgeon           Mark Pysyk               60     1   4  0  
 2 Connor Murphy            Michael Del Zotto        40     1   4  0  

4 vs 4 Forward 
   Center                   Wing                     Time % Phy DF OF 
 1 Ryan O'Reilly            Filip Forsberg           60     1   2  2  
 2 Tyler Bozak              James van Riemsdyk       40     1   2  2  

4 vs 4 Defense
   Defense                  Defense                  Time % Phy DF OF 
 1 Jared Spurgeon           Nick Leddy               60     1   2  2  
 2 Connor Murphy            Matt Dumba               40     1   2  2  

Last Minutes Offensive
   Center                   Left Wing                Right Wing               Defense                  Defense                  
   Ryan O'Reilly            Filip Forsberg           James Neal               Jared Spurgeon           Nick Leddy               

Last Minutes Defensive
   Center                   Left Wing                Right Wing               Defense                  Defense                  
   Ryan O'Reilly            Filip Forsberg           James Neal               Jared Spurgeon           Nick Leddy               

Goaltenders
Starting : Marc-Andre Fleury        
Backup : Ondrej Pavelec           

Extra Forwards
Normal : Rick Nash, Carl Hagelin, Erik Haula - PP : Rick Nash, Carl Hagelin - PK : Erik Haula
Extra Defensemen
Normal : Nick Leddy, Michael Del Zotto, Mark Pysyk - PP : Nick Leddy - PK : Michael Del Zotto, Mark Pysyk
Penalty Shots
Filip Forsberg, Rick Nash, James van Riemsdyk, James Neal, Tyler Bozak

Scratches
Derek Dorsett (Healthy), Alex Chiasson (Healthy), Greg Pateryn (Healthy)

WINNIPEG

5 vs 5 Forward 
   Center                   Left Wing                Right Wing               Time % Phy DF OF 
 1 Sidney Crosby            Cam Atkinson             Alexander Ovechkin       35     0   2  3  
 2 Bo Horvat                Patrick Eaves            Patrick Marleau          30     0   2  3  
 3 Brandon Sutter           Sven Baertschi           Pierre-Alexandre Parentea25     1   2  2  
 4 Sidney Crosby            Cam Atkinson             Alexander Ovechkin       10     1   2  2  

5 vs 5 Defense 
   Defense                  Defense                                           Time % Phy DF OF 
 1 Alexander Edler          Christopher Tanev                                 35     1   2  2  
 2 Nick Holden              Troy Stecher                                      30     1   2  2  
 3 Ben Hutton               Matt Hunwick                                      25     1   2  2  
 4 Alexander Edler          Christopher Tanev                                 10     1   2  2  

PowerPlay Forward 
   Center                   Left Wing                Right Wing               Time % Phy DF OF 
 1 Sidney Crosby            Patrick Marleau          Cam Atkinson             60     1   2  2  
 2 Bo Horvat                Sven Baertschi           Patrick Eaves            40     1   2  2  

PowerPlay Defense
   Defense                  Defense                                           Time % Phy DF OF 
 1 Alexander Ovechkin       Alexander Edler                                   60     1   2  2  
 2 Nick Holden              Troy Stecher                                      40     1   2  2  

Penalty Kill 4 Players Forward 
   Center                   Wing                     Time % Phy DF OF 
 1 Brandon Sutter           Sven Baertschi           60     1   2  2  
 2 Bo Horvat                Pierre-Alexandre Parentea40     1   2  2  

Penalty Kill 4 Players Defense
   Defense                  Defense                  Time % Phy DF OF 
 1 Christopher Tanev        Alexander Edler          60     1   2  2  
 2 Matt Hunwick             Nick Holden              40     1   2  2  

Penalty Kill - 3 Players Forward 
   Forward                                           Time % Phy DF OF 
 1 Bo Horvat                                         60     1   2  2  
 2 Brandon Sutter                                    40     1   2  2  

Penalty Kill - 3 Players Defense
   Defense                  Defense                  Time % Phy DF OF 
 1 Christopher Tanev        Alexander Edler          60     1   2  2  
 2 Matt Hunwick             Nick Holden              40     1   2  2  

4 vs 4 Forward 
   Center                   Wing                     Time % Phy DF OF 
 1 Sidney Crosby            Cam Atkinson             60     1   2  2  
 2 Bo Horvat                Alexander Ovechkin       40     1   2  2  

4 vs 4 Defense
   Defense                  Defense                  Time % Phy DF OF 
 1 Alexander Ovechkin       Alexander Edler          60     1   2  2  
 2 Sven Baertschi           Nick Holden              40     1   2  2  

Last Minutes Offensive
   Center                   Left Wing                Right Wing               Defense                  Defense                  
   Sidney Crosby            Patrick Eaves            Cam Atkinson             Alexander Ovechkin       Nick Holden              

Last Minutes Defensive
   Center                   Left Wing                Right Wing               Defense                  Defense                  
   Bo Horvat                Brandon Sutter           Cam Atkinson             Christopher Tanev        Alexander Edler          

Goaltenders
Starting : Braden Holtby            
Backup : Jimmy Howard             

Extra Forwards
Normal : Patrick Eaves, Alexander Ovechkin, Patrick Marleau - PP : Sven Baertschi, Sidney Crosby - PK : Cam Atkinson
Extra Defensemen
Normal : Troy Stecher, Alexander Edler, Christopher Tanev - PP : Troy Stecher - PK : Nick Holden, Christopher Tanev
Penalty Shots
Sidney Crosby, Alexander Ovechkin, Cam Atkinson, Patrick Eaves, Patrick Marleau

Scratches
WPG CAP HIT (Suspend), Clayton Stoner (Healthy)

% Time on Ice - CHICAGO

Lines # - Real PCT - Wanted PCT - Time Play
Normal Forward
1 - 37% - 35% - 17:22
2 - 31% - 30% - 14:40
3 - 24% - 25% - 11:26
4 - 8% - 10% - 3:36
Normal Defense
1 - 37% - 35% - 17:24
2 - 32% - 30% - 15:09
3 - 26% - 25% - 12:12
4 - 5% - 10% - 2:19
PP Forward
1 - 44% - 60% - 2:05
2 - 56% - 40% - 2:37
PP Defense
1 - 48% - 60% - 2:15
2 - 52% - 40% - 2:27
PK Forward
1 - 69% - 60% - 7:37
2 - 31% - 40% - 3:30
PK Defense
1 - 63% - 60% - 6:58
2 - 37% - 40% - 4:09
PK3 Forward
1 - 77% - 60% - 1:06
2 - 23% - 40% - 0:20
PK3 Defense
1 - 22% - 60% - 0:19
2 - 78% - 40% - 1:07
44 Forward
1 - 86% - 60% - 1:37
2 - 14% - 40% - 0:16
44 Defense
1 - 57% - 60% - 1:04
2 - 43% - 40% - 0:49
Last Minute Offensive  - 0:00
Last Minute Defensive  - 0:00
Total
Forward - 66:12
Defense - 66:12

% Time on Ice - WINNIPEG

Lines # - Real PCT - Wanted PCT - Time Play
Normal Forward
1 - 36% - 35% - 17:07
2 - 31% - 30% - 14:42
3 - 28% - 25% - 13:05
4 - 5% - 10% - 2:10
Normal Defense
1 - 35% - 35% - 16:39
2 - 34% - 30% - 16:01
3 - 27% - 25% - 12:48
4 - 3% - 10% - 1:36
PP Forward
1 - 63% - 60% - 7:01
2 - 37% - 40% - 4:06
PP Defense
1 - 55% - 60% - 6:07
2 - 45% - 40% - 5:00
PK Forward
1 - 83% - 60% - 3:53
2 - 17% - 40% - 0:49
PK Defense
1 - 51% - 60% - 2:23
2 - 49% - 40% - 2:19
PK3 Forward
1 - 0% - 60%
2 - 0% - 40%
PK3 Defense
1 - 0% - 60%
2 - 0% - 40%
44 Forward
1 - 98% - 60% - 3:15
2 - 2% - 40% - 0:04
44 Defense
1 - 47% - 60% - 1:33
2 - 53% - 40% - 1:46
Last Minute Offensive  - 0:00
Last Minute Defensive  - 0:00
Total
Forward - 66:12
Defense - 66:12

Play-by-Play

1st period


0:01 of 1st period - Sidney Crosby wins face-off versus Ryan O'Reilly in neutral zone.
0:20 of 1st period - Shot by Alexander Ovechkin.
0:20 of 1st period - Shot Misses the Net.
0:22 of 1st period - Shot by Alexander Ovechkin.
0:22 of 1st period - Deflect By Sidney Crosby.
0:22 of 1st period - Goal by Sidney Crosby - CHICAGO : 0 - WINNIPEG : 1.
0:23 of 1st period - Bo Horvat wins face-off versus Tyler Bozak in neutral zone.
0:43 of 1st period - Shot by James van Riemsdyk.
0:43 of 1st period - Shot Misses the Net.
0:45 of 1st period - Shot by Jared Spurgeon.
0:45 of 1st period - Stopped by Braden Holtby without a rebound.
0:46 of 1st period - Erik Haula wins face-off versus Sven Baertschi in WINNIPEG zone.
0:49 of 1st period - Shot by Zack Smith.
0:49 of 1st period - Stopped by Braden Holtby without a rebound.
0:50 of 1st period - Brandon Sutter wins face-off versus Zack Smith in WINNIPEG zone.
0:50 of 1st period - Brandon Sutter is hit by Zack Smith.
1:00 of 1st period - Shot by Sven Baertschi.
1:00 of 1st period - Shot Misses the Net.
2:47 of 1st period - Minor Penalty to Patrick Eaves for Roughing.
2:48 of 1st period - Brandon Sutter wins face-off versus Tyler Bozak in WINNIPEG zone.
3:14 of 1st period - Shot by Alexander Edler.
3:14 of 1st period - Stopped by Marc-Andre Fleury without a rebound.
3:15 of 1st period - Brandon Sutter wins face-off versus Ryan O'Reilly in CHICAGO zone.
3:54 of 1st period - Sven Baertschi is hit by Filip Forsberg and loses puck.
4:23 of 1st period - Shot by Jared Spurgeon.
4:23 of 1st period - Shot Misses the Net.
4:25 of 1st period - Shot by Rick Nash.
4:25 of 1st period - Stopped by Braden Holtby with a rebound.
4:27 of 1st period - Shot by James Neal.
4:27 of 1st period - Stopped by Braden Holtby without a rebound.
4:28 of 1st period - Brandon Sutter wins face-off versus James van Riemsdyk in WINNIPEG zone.
4:41 of 1st period - Shot by Jared Spurgeon.
4:41 of 1st period - Shot Misses the Net.
4:49 of 1st period - Shot by Ryan O'Reilly.
4:49 of 1st period - Stopped by Braden Holtby with a rebound.
4:51 of 1st period - Shot by Chris Stewart.
4:51 of 1st period - Stopped by Braden Holtby without a rebound.
4:52 of 1st period - Shawn Matthias wins face-off versus Sidney Crosby in WINNIPEG zone.
5:23 of 1st period - Cam Atkinson is hit by Lance Bouma and loses puck.
5:39 of 1st period - Sidney Crosby is hit by Matt Dumba and loses puck.
6:08 of 1st period - Shot by Patrick Marleau.
6:08 of 1st period - Shot Misses the Net.
6:30 of 1st period - Shot by Patrick Eaves.
6:30 of 1st period - Deflect By Patrick Marleau.
6:30 of 1st period - Shot Hit the Post.
6:46 of 1st period - Shot by Brandon Sutter.
6:46 of 1st period - Shot Blocked by Carl Hagelin.
7:48 of 1st period - Shot by James Neal.
7:48 of 1st period - Deflect By James van Riemsdyk.
7:48 of 1st period - Shot Misses the Net.
9:12 of 1st period - Troy Stecher is hit by Rick Nash and loses puck.
9:45 of 1st period - Lance Bouma is hit by Alexander Edler and loses puck.
9:48 of 1st period - Shot by Chris Stewart.
9:48 of 1st period - Shot Misses the Net.
9:50 of 1st period - Shot by Shawn Matthias.
9:50 of 1st period - Stopped by Braden Holtby without a rebound.
9:51 of 1st period - Bo Horvat wins face-off versus Shawn Matthias in WINNIPEG zone.
10:44 of 1st period - Shot by Rick Nash.
10:44 of 1st period - Stopped by Braden Holtby without a rebound.
10:45 of 1st period - Tyler Bozak wins face-off versus Brandon Sutter in WINNIPEG zone.
11:05 of 1st period - Icing by Matt Hunwick.
11:06 of 1st period - Brandon Sutter wins face-off versus Carl Hagelin in WINNIPEG zone.
11:21 of 1st period - Brandon Sutter is hit by Zack Smith and loses puck.
12:13 of 1st period - Icing by Nick Leddy.
12:14 of 1st period - Ryan O'Reilly wins face-off versus Patrick Marleau in CHICAGO zone.
12:43 of 1st period - Shot by Patrick Eaves.
12:43 of 1st period - Shot Misses the Net.
13:06 of 1st period - Icing by Matt Dumba.
13:07 of 1st period - Ryan O'Reilly wins face-off versus Sidney Crosby in CHICAGO zone.
13:07 of 1st period - Ryan O'Reilly is hit by Sidney Crosby.
13:10 of 1st period - Icing by Nick Leddy.
13:11 of 1st period - Ryan O'Reilly wins face-off versus Alexander Ovechkin in CHICAGO zone.
13:54 of 1st period - Icing by Jared Spurgeon.
13:55 of 1st period - Tyler Bozak wins face-off versus Bo Horvat in CHICAGO zone.
14:02 of 1st period - Off-side.
14:03 of 1st period - Erik Haula wins face-off versus Bo Horvat in neutral zone.
14:07 of 1st period - Zack Smith is hit by Troy Stecher and loses puck.
14:25 of 1st period - Carl Hagelin is hit by Nick Holden and loses puck.
14:42 of 1st period - Shot by Patrick Marleau.
14:42 of 1st period - Stopped by Marc-Andre Fleury without a rebound.
14:43 of 1st period - Sidney Crosby wins face-off versus Tyler Bozak in CHICAGO zone.
15:03 of 1st period - Shot by Sidney Crosby.
15:03 of 1st period - Shot Blocked by Nick Leddy.
15:05 of 1st period - Shot by Alexander Edler.
15:05 of 1st period - Stopped by Marc-Andre Fleury with a rebound.
15:07 of 1st period - Shot by Sidney Crosby.
15:07 of 1st period - Stopped by Marc-Andre Fleury with a rebound.
15:09 of 1st period - Shot by Christopher Tanev.
15:09 of 1st period - Goal by Christopher Tanev - CHICAGO : 0 - WINNIPEG : 2.
15:10 of 1st period - Ryan O'Reilly wins face-off versus Brandon Sutter in neutral zone.
15:46 of 1st period - Shot by Ryan O'Reilly.
15:46 of 1st period - Stopped by Braden Holtby without a rebound.
15:47 of 1st period - Sidney Crosby wins face-off versus James Neal in WINNIPEG zone.
15:47 of 1st period - Sidney Crosby is hit by James Neal.
15:52 of 1st period - Alexander Ovechkin is hit by James Neal and loses puck.
15:56 of 1st period - Alexander Ovechkin is hit by Matt Dumba and loses puck.
16:00 of 1st period - Sidney Crosby is hit by Matt Dumba and loses puck.
16:02 of 1st period - Minor Penalty to Matt Dumba for Hooking.
16:03 of 1st period - Sidney Crosby wins face-off versus Erik Haula in CHICAGO zone.
16:40 of 1st period - Shot by Sidney Crosby.
16:40 of 1st period - Stopped by Marc-Andre Fleury without a rebound.
16:41 of 1st period - Erik Haula wins face-off versus Bo Horvat in CHICAGO zone.
16:41 of 1st period - Minor Penalty to Patrick Eaves for Hooking.
16:42 of 1st period - Ryan O'Reilly wins face-off versus Sidney Crosby in WINNIPEG zone.
17:09 of 1st period - Icing by Jared Spurgeon.
17:10 of 1st period - Ryan O'Reilly wins face-off versus Sidney Crosby in CHICAGO zone.
17:41 of 1st period - Shot by Filip Forsberg.
17:41 of 1st period - Stopped by Braden Holtby with a rebound.
19:00 of 1st period - Shot by Patrick Marleau.
19:00 of 1st period - Stopped by Marc-Andre Fleury without a rebound.
19:01 of 1st period - Shawn Matthias wins face-off versus Brandon Sutter in CHICAGO zone.
19:17 of 1st period - Sven Baertschi is hit by Chris Stewart and loses puck.
19:30 of 1st period - Shot by Chris Stewart.
19:30 of 1st period - Stopped by Braden Holtby without a rebound.
19:31 of 1st period - Ryan O'Reilly wins face-off versus Bo Horvat in WINNIPEG zone.
19:47 of 1st period - Patrick Marleau is hit by Michael Del Zotto and loses puck.
19:59 of 1st period - Bo Horvat is hit by Michael Del Zotto and loses puck.
Goals for this period are 0 for CHICAGO vs 2 for WINNIPEG.
Shots for this period are 11 for CHICAGO vs 8 for WINNIPEG.

2nd period


0:01 of 2nd period - Sidney Crosby wins face-off versus Tyler Bozak in neutral zone.
0:21 of 2nd period - James van Riemsdyk is hit by Alexander Ovechkin and loses puck.
0:38 of 2nd period - Shot by Sidney Crosby.
0:38 of 2nd period - Shot Misses the Net.
0:40 of 2nd period - Shot by Christopher Tanev.
0:40 of 2nd period - Stopped by Marc-Andre Fleury with a rebound.
1:08 of 2nd period - Icing by Nick Holden.
1:09 of 2nd period - Ryan O'Reilly wins face-off versus Bo Horvat in WINNIPEG zone.
2:19 of 2nd period - Shot by Pierre-Alexandre Parenteau.
2:19 of 2nd period - Shot Blocked by Jared Spurgeon.
2:21 of 2nd period - Shot by Matt Hunwick.
2:21 of 2nd period - Shot Misses the Net.
2:23 of 2nd period - Shot by Pierre-Alexandre Parenteau.
2:23 of 2nd period - Shot Blocked by Michael Del Zotto.
2:25 of 2nd period - Shot by Brandon Sutter.
2:25 of 2nd period - Shot Misses the Net.
2:35 of 2nd period - Shot by Pierre-Alexandre Parenteau.
2:35 of 2nd period - Shot Misses the Net.
2:37 of 2nd period - Shot by Ben Hutton.
2:37 of 2nd period - Stopped by Marc-Andre Fleury without a rebound.
2:38 of 2nd period - Sidney Crosby wins face-off versus Tyler Bozak in CHICAGO zone.
2:41 of 2nd period - Shot by Alexander Ovechkin.
2:41 of 2nd period - Stopped by Marc-Andre Fleury without a rebound.
2:42 of 2nd period - Sidney Crosby wins face-off versus Tyler Bozak in CHICAGO zone.
2:42 of 2nd period - Alexander Ovechkin is hit by Matt Dumba and loses puck.
2:48 of 2nd period - Sidney Crosby is hit by Matt Dumba and loses puck.
3:07 of 2nd period - Shot by Sidney Crosby.
3:07 of 2nd period - Stopped by Marc-Andre Fleury without a rebound.
3:08 of 2nd period - Erik Haula wins face-off versus Bo Horvat in CHICAGO zone.
4:27 of 2nd period - Alexander Ovechkin is hit by Matt Dumba and loses puck.
4:44 of 2nd period - Shot by Sidney Crosby.
4:44 of 2nd period - Stopped by Marc-Andre Fleury without a rebound.
4:45 of 2nd period - Brandon Sutter wins face-off versus Rick Nash in CHICAGO zone.
4:48 of 2nd period - Shot by Sven Baertschi.
4:48 of 2nd period - Stopped by Marc-Andre Fleury with a rebound.
6:08 of 2nd period - Icing by Jared Spurgeon.
6:09 of 2nd period - Erik Haula wins face-off versus Bo Horvat in CHICAGO zone.
6:09 of 2nd period - Erik Haula is hit by Patrick Marleau.
6:53 of 2nd period - Off-side.
6:54 of 2nd period - Shawn Matthias wins face-off versus Sidney Crosby in neutral zone.
6:59 of 2nd period - Shot by Lance Bouma.
6:59 of 2nd period - Shot Misses the Net.
7:30 of 2nd period - Shot by Sidney Crosby.
7:30 of 2nd period - Stopped by Marc-Andre Fleury without a rebound.
7:31 of 2nd period - Ryan O'Reilly wins face-off versus Brandon Sutter in CHICAGO zone.
7:38 of 2nd period - Shot by Filip Forsberg.
7:38 of 2nd period - Goal by Filip Forsberg - CHICAGO : 1 - WINNIPEG : 2.
7:39 of 2nd period - Ryan O'Reilly wins face-off versus Bo Horvat in neutral zone.
7:41 of 2nd period - Jared Spurgeon is hit by Bo Horvat and loses puck.
8:03 of 2nd period - Shot by Filip Forsberg.
8:03 of 2nd period - Shot Misses the Net.
8:17 of 2nd period - Shot by Patrick Marleau.
8:17 of 2nd period - Shot Misses the Net.
8:19 of 2nd period - Shot by Matt Hunwick.
8:19 of 2nd period - Stopped by Marc-Andre Fleury without a rebound.
8:20 of 2nd period - Sidney Crosby wins face-off versus Tyler Bozak in CHICAGO zone.
8:31 of 2nd period - Shot by Alexander Ovechkin.
8:31 of 2nd period - Shot Misses the Net.
8:47 of 2nd period - Shot by Sidney Crosby.
8:47 of 2nd period - Shot Misses the Net.
8:49 of 2nd period - Shot by Alexander Ovechkin.
8:49 of 2nd period - Stopped by Marc-Andre Fleury without a rebound.
8:50 of 2nd period - Erik Haula wins face-off versus Pierre-Alexandre Parenteau in CHICAGO zone.
8:50 of 2nd period - Erik Haula is hit by Pierre-Alexandre Parenteau.
9:14 of 2nd period - Shot by Nick Holden.
9:14 of 2nd period - Shot Misses the Net.
9:16 of 2nd period - Shot by Nick Holden.
9:16 of 2nd period - Stopped by Marc-Andre Fleury without a rebound.
9:17 of 2nd period - Tyler Bozak wins face-off versus Sidney Crosby in CHICAGO zone.
9:17 of 2nd period - Tyler Bozak is hit by Alexander Ovechkin.
9:25 of 2nd period - Shot by Tyler Bozak.
9:25 of 2nd period - Stopped by Braden Holtby without a rebound.
9:26 of 2nd period - Ryan O'Reilly wins face-off versus Sidney Crosby in WINNIPEG zone.
9:34 of 2nd period - Ryan O'Reilly is hit by Alexander Edler and loses puck.
10:27 of 2nd period - James Neal is hit by Alexander Edler.
10:37 of 2nd period - Shot by James van Riemsdyk.
10:37 of 2nd period - Stopped by Braden Holtby without a rebound.
10:38 of 2nd period - Shawn Matthias wins face-off versus Bo Horvat in WINNIPEG zone.
10:45 of 2nd period - Shot by Chris Stewart.
10:45 of 2nd period - Stopped by Braden Holtby without a rebound.
10:46 of 2nd period - Tyler Bozak wins face-off versus Pierre-Alexandre Parenteau in WINNIPEG zone.
10:47 of 2nd period - Shot by James van Riemsdyk.
10:47 of 2nd period - Shot Blocked by Nick Holden.
10:56 of 2nd period - Minor Penalty to Michael Del Zotto for Holding.
10:57 of 2nd period - Erik Haula wins face-off versus Bo Horvat in CHICAGO zone.
11:24 of 2nd period - Shot by Patrick Eaves.
11:24 of 2nd period - Deflect By Bo Horvat.
11:24 of 2nd period - Shot Misses the Net.
11:26 of 2nd period - Shot by Nick Holden.
11:26 of 2nd period - Stopped by Marc-Andre Fleury with a rebound.
11:28 of 2nd period - Shot by Nick Holden.
11:28 of 2nd period - Shot Misses the Net.
11:30 of 2nd period - Shot by Bo Horvat.
11:30 of 2nd period - Shot Blocked by Mark Pysyk.
11:32 of 2nd period - Shot by Nick Holden.
11:32 of 2nd period - Shot Blocked by Jared Spurgeon.
11:34 of 2nd period - Shot by Nick Holden.
11:34 of 2nd period - Shot Misses the Net.
11:36 of 2nd period - Shot by Bo Horvat.
11:36 of 2nd period - Shot Misses the Net.
11:38 of 2nd period - Shot by Troy Stecher.
11:38 of 2nd period - Shot Misses the Net.
12:06 of 2nd period - Shot by Sidney Crosby.
12:06 of 2nd period - Shot Misses the Net.
12:08 of 2nd period - Shot by Cam Atkinson.
12:08 of 2nd period - Stopped by Marc-Andre Fleury with a rebound.
12:10 of 2nd period - Shot by Sidney Crosby.
12:10 of 2nd period - Stopped by Marc-Andre Fleury without a rebound.
12:11 of 2nd period - Sidney Crosby wins face-off versus Erik Haula in CHICAGO zone.
13:07 of 2nd period - Pierre-Alexandre Parenteau is hit by Nick Leddy and loses puck.
13:20 of 2nd period - Shot by Sven Baertschi.
13:20 of 2nd period - Stopped by Marc-Andre Fleury without a rebound.
13:21 of 2nd period - Bo Horvat wins face-off versus Ryan O'Reilly in CHICAGO zone.
13:37 of 2nd period - Shot by Filip Forsberg.
13:37 of 2nd period - Stopped by Braden Holtby without a rebound.
13:38 of 2nd period - Brandon Sutter wins face-off versus Tyler Bozak in WINNIPEG zone.
13:38 of 2nd period - Ben Hutton is hit by James van Riemsdyk and loses puck.
13:42 of 2nd period - Minor Penalty to Tyler Bozak for Hooking.
13:43 of 2nd period - Bo Horvat wins face-off versus Erik Haula in CHICAGO zone.
13:44 of 2nd period - Shot by Troy Stecher.
13:44 of 2nd period - Stopped by Marc-Andre Fleury without a rebound.
13:45 of 2nd period - Bo Horvat wins face-off versus Carl Hagelin in CHICAGO zone.
13:48 of 2nd period - Shot by Patrick Eaves.
13:48 of 2nd period - Shot Misses the Net.
13:50 of 2nd period - Shot by Alexander Edler.
13:50 of 2nd period - Stopped by Marc-Andre Fleury with a rebound.
14:08 of 2nd period - Shot by Patrick Eaves.
14:08 of 2nd period - Stopped by Marc-Andre Fleury without a rebound.
14:09 of 2nd period - Sidney Crosby wins face-off versus Erik Haula in CHICAGO zone.
14:18 of 2nd period - Shot by Sidney Crosby.
14:18 of 2nd period - Deflect By Cam Atkinson.
14:18 of 2nd period - Stopped by Marc-Andre Fleury without a rebound.
14:19 of 2nd period - Sidney Crosby wins face-off versus Erik Haula in CHICAGO zone.
14:20 of 2nd period - Shot by Cam Atkinson.
14:20 of 2nd period - Stopped by Marc-Andre Fleury without a rebound.
14:21 of 2nd period - Erik Haula wins face-off versus Sidney Crosby in CHICAGO zone.
14:42 of 2nd period - Shot by Cam Atkinson.
14:42 of 2nd period - Deflect By Sidney Crosby.
14:42 of 2nd period - Shot Blocked by Michael Del Zotto.
14:51 of 2nd period - Icing by Alexander Edler.
14:52 of 2nd period - Zack Smith wins face-off versus Sidney Crosby in WINNIPEG zone.
17:09 of 2nd period - Off-side.
17:10 of 2nd period - Erik Haula wins face-off versus Bo Horvat in neutral zone.
18:11 of 2nd period - Christopher Tanev is hit by Zack Smith.
19:10 of 2nd period - Shot by Ryan O'Reilly.
19:10 of 2nd period - Stopped by Braden Holtby without a rebound.
19:11 of 2nd period - Tyler Bozak wins face-off versus Brandon Sutter in WINNIPEG zone.
19:21 of 2nd period - Sven Baertschi is hit by Michael Del Zotto and loses puck.
19:27 of 2nd period - Icing by Jared Spurgeon.
19:28 of 2nd period - Tyler Bozak wins face-off versus Sidney Crosby in CHICAGO zone.
Goals for this period are 1 for CHICAGO vs 0 for WINNIPEG.
Shots for this period are 6 for CHICAGO vs 19 for WINNIPEG.

3rd period


0:01 of 3rd period - Ryan O'Reilly wins face-off versus Alexander Ovechkin in neutral zone.
0:01 of 3rd period - Rick Nash is hit by Alexander Ovechkin and loses puck.
0:07 of 3rd period - Rick Nash is hit by Christopher Tanev and loses puck.
0:36 of 3rd period - Shot by Cam Atkinson.
0:36 of 3rd period - Stopped by Marc-Andre Fleury without a rebound.
0:37 of 3rd period - Bo Horvat wins face-off versus Tyler Bozak in CHICAGO zone.
1:36 of 3rd period - Icing by Jared Spurgeon.
1:37 of 3rd period - Tyler Bozak wins face-off versus Sidney Crosby in CHICAGO zone.
1:56 of 3rd period - Filip Forsberg is hit by Alexander Ovechkin and loses puck.
2:11 of 3rd period - Shot by Filip Forsberg.
2:11 of 3rd period - Shot Misses the Net.
2:13 of 3rd period - Shot by Rick Nash.
2:13 of 3rd period - Shot Misses the Net.
2:18 of 3rd period - Filip Forsberg is hit by Alexander Edler and loses puck.
2:21 of 3rd period - Shot by Ryan O'Reilly.
2:21 of 3rd period - Stopped by Braden Holtby without a rebound.
2:22 of 3rd period - Erik Haula wins face-off versus Brandon Sutter in WINNIPEG zone.
2:31 of 3rd period - Shot by Zack Smith.
2:31 of 3rd period - Shot Hit the Post.
2:33 of 3rd period - Shot by Carl Hagelin.
2:33 of 3rd period - Stopped by Braden Holtby without a rebound.
2:34 of 3rd period - Bo Horvat wins face-off versus Shawn Matthias in WINNIPEG zone.
2:34 of 3rd period - Bo Horvat is hit by Shawn Matthias.
3:02 of 3rd period - Off-side.
3:03 of 3rd period - Ryan O'Reilly wins face-off versus Sidney Crosby in neutral zone.
3:22 of 3rd period - Shot by Alexander Ovechkin.
3:22 of 3rd period - Stopped by Marc-Andre Fleury without a rebound.
3:23 of 3rd period - Tyler Bozak wins face-off versus Brandon Sutter in CHICAGO zone.
3:28 of 3rd period - Shot by Jared Spurgeon.
3:28 of 3rd period - Shot Misses the Net.
4:29 of 3rd period - Shot by Alexander Ovechkin.
4:29 of 3rd period - Deflect By Cam Atkinson.
4:29 of 3rd period - Shot Misses the Net.
4:31 of 3rd period - Shot by Alexander Ovechkin.
4:31 of 3rd period - Shot Misses the Net.
4:33 of 3rd period - Shot by Alexander Edler.
4:33 of 3rd period - Shot Blocked by Jared Spurgeon.
4:34 of 3rd period - Minor Penalty to Michael Del Zotto for High sticking.
4:35 of 3rd period - Sidney Crosby wins face-off versus Erik Haula in CHICAGO zone.
5:01 of 3rd period - Sidney Crosby is hit by Mark Pysyk and loses puck.
5:07 of 3rd period - Minor Penalty to Sidney Crosby for High sticking.
5:07 of 3rd period - Minor Penalty to Connor Murphy for Tripping.
5:08 of 3rd period - Zack Smith wins face-off versus Patrick Eaves in CHICAGO zone.
5:14 of 3rd period - Shot by Mark Pysyk.
5:14 of 3rd period - Shot Blocked by Alexander Edler.
5:16 of 3rd period - Shot by Mark Pysyk.
5:16 of 3rd period - Stopped by Braden Holtby with a rebound.
5:38 of 3rd period - Shot by Cam Atkinson.
5:38 of 3rd period - Shot Misses the Net.
6:22 of 3rd period - Shot by Sven Baertschi.
6:22 of 3rd period - Stopped by Marc-Andre Fleury without a rebound.
6:23 of 3rd period - Zack Smith wins face-off versus Patrick Marleau in CHICAGO zone.
7:06 of 3rd period - Shot by Filip Forsberg.
7:06 of 3rd period - Shot Blocked by Cam Atkinson.
7:40 of 3rd period - Shot by Sven Baertschi.
7:40 of 3rd period - Shot Blocked by James van Riemsdyk.
7:42 of 3rd period - Shot by Brandon Sutter.
7:42 of 3rd period - Stopped by Marc-Andre Fleury without a rebound.
7:43 of 3rd period - Bo Horvat wins face-off versus Shawn Matthias in CHICAGO zone.
7:46 of 3rd period - Shot by Bo Horvat.
7:46 of 3rd period - Stopped by Marc-Andre Fleury with a rebound.
7:48 of 3rd period - Shot by Patrick Marleau.
7:48 of 3rd period - Stopped by Marc-Andre Fleury with a rebound.
7:52 of 3rd period - Shot by Patrick Eaves.
7:52 of 3rd period - Stopped by Marc-Andre Fleury without a rebound.
7:53 of 3rd period - Sidney Crosby wins face-off versus Ryan O'Reilly in CHICAGO zone.
7:58 of 3rd period - Shot by Cam Atkinson.
7:58 of 3rd period - Deflect By Sidney Crosby.
7:58 of 3rd period - Shot Misses the Net.
8:00 of 3rd period - Shot by Christopher Tanev.
8:00 of 3rd period - Shot Misses the Net.
8:02 of 3rd period - Shot by Sidney Crosby.
8:02 of 3rd period - Stopped by Marc-Andre Fleury without a rebound.
8:03 of 3rd period - Bo Horvat wins face-off versus Ryan O'Reilly in CHICAGO zone.
8:12 of 3rd period - Shot by Ryan O'Reilly.
8:12 of 3rd period - Shot Misses the Net.
8:14 of 3rd period - Shot by Filip Forsberg.
8:14 of 3rd period - Shot Misses the Net.
8:16 of 3rd period - Shot by Ryan O'Reilly.
8:16 of 3rd period - Shot Blocked by Alexander Edler.
8:18 of 3rd period - Shot by Nick Leddy.
8:18 of 3rd period - Deflect By Filip Forsberg.
8:18 of 3rd period - Stopped by Braden Holtby with a rebound.
8:20 of 3rd period - Shot by Ryan O'Reilly.
8:20 of 3rd period - Stopped by Braden Holtby without a rebound.
8:21 of 3rd period - Sidney Crosby wins face-off versus Erik Haula in WINNIPEG zone.
8:46 of 3rd period - Shot by Sidney Crosby.
8:46 of 3rd period - Shot Misses the Net.
9:00 of 3rd period - Shot by Cam Atkinson.
9:00 of 3rd period - Shot Misses the Net.
9:02 of 3rd period - Shot by Cam Atkinson.
9:02 of 3rd period - Stopped by Marc-Andre Fleury without a rebound.
9:03 of 3rd period - Patrick Eaves wins face-off versus Ryan O'Reilly in CHICAGO zone.
9:03 of 3rd period - Bo Horvat is hit by Matt Dumba and loses puck.
9:40 of 3rd period - Minor Penalty to Filip Forsberg for Hooking.
9:41 of 3rd period - Sidney Crosby wins face-off versus Erik Haula in CHICAGO zone.
10:04 of 3rd period - Shot by Troy Stecher.
10:04 of 3rd period - Shot Misses the Net.
10:06 of 3rd period - Shot by Sidney Crosby.
10:06 of 3rd period - Stopped by Marc-Andre Fleury without a rebound.
10:07 of 3rd period - Erik Haula wins face-off versus Bo Horvat in CHICAGO zone.
10:07 of 3rd period - Erik Haula is hit by Bo Horvat.
10:20 of 3rd period - Icing by Alexander Ovechkin.
10:21 of 3rd period - Erik Haula wins face-off versus Bo Horvat in WINNIPEG zone.
10:52 of 3rd period - Shot by Patrick Eaves.
10:52 of 3rd period - Stopped by Marc-Andre Fleury with a rebound.
10:54 of 3rd period - Shot by Bo Horvat.
10:54 of 3rd period - Stopped by Marc-Andre Fleury without a rebound.
10:55 of 3rd period - Sidney Crosby wins face-off versus Erik Haula in CHICAGO zone.
11:04 of 3rd period - Shot by Cam Atkinson.
11:04 of 3rd period - Deflect By Sidney Crosby.
11:04 of 3rd period - Stopped by Marc-Andre Fleury without a rebound.
11:05 of 3rd period - Sidney Crosby wins face-off versus Erik Haula in CHICAGO zone.
11:06 of 3rd period - Shot by Troy Stecher.
11:06 of 3rd period - Shot Blocked by Erik Haula.
11:14 of 3rd period - Shot by Cam Atkinson.
11:14 of 3rd period - Stopped by Marc-Andre Fleury without a rebound.
11:15 of 3rd period - Erik Haula wins face-off versus Sidney Crosby in CHICAGO zone.
11:45 of 3rd period - Shot by Filip Forsberg.
11:45 of 3rd period - Shot Misses the Net.
11:47 of 3rd period - Shot by Filip Forsberg.
11:47 of 3rd period - Shot Blocked by Nick Holden.
12:03 of 3rd period - Shot by Ryan O'Reilly.
12:03 of 3rd period - Stopped by Braden Holtby without a rebound.
12:04 of 3rd period - Bo Horvat wins face-off versus Tyler Bozak in WINNIPEG zone.
12:11 of 3rd period - Icing by Michael Del Zotto.
12:12 of 3rd period - Tyler Bozak wins face-off versus Sidney Crosby in CHICAGO zone.
12:12 of 3rd period - James Neal is hit by Alexander Ovechkin and loses puck.
12:25 of 3rd period - Shot by James Neal.
12:25 of 3rd period - Shot Misses the Net.
12:27 of 3rd period - Shot by James van Riemsdyk.
12:27 of 3rd period - Shot Misses the Net.
12:29 of 3rd period - Shot by Tyler Bozak.
12:29 of 3rd period - Shot Blocked by Christopher Tanev.
12:39 of 3rd period - Shot by Sidney Crosby.
12:39 of 3rd period - Shot Misses the Net.
12:49 of 3rd period - Shot by Jared Spurgeon.
12:49 of 3rd period - Stopped by Braden Holtby without a rebound.
12:50 of 3rd period - Bo Horvat wins face-off versus Ryan O'Reilly in WINNIPEG zone.
13:00 of 3rd period - Icing by Filip Forsberg.
13:01 of 3rd period - Ryan O'Reilly wins face-off versus Brandon Sutter in CHICAGO zone.
14:21 of 3rd period - Shot by Cam Atkinson.
14:21 of 3rd period - Stopped by Marc-Andre Fleury without a rebound.
14:22 of 3rd period - Erik Haula wins face-off versus Bo Horvat in CHICAGO zone.
15:12 of 3rd period - Icing by Nick Holden.
15:13 of 3rd period - Bo Horvat wins face-off versus Tyler Bozak in WINNIPEG zone.
15:13 of 3rd period - Bo Horvat is hit by James Neal.
15:18 of 3rd period - Troy Stecher is hit by Michael Del Zotto and loses puck.
15:30 of 3rd period - Minor Penalty to James Neal for Interference.
15:31 of 3rd period - Erik Haula wins face-off versus Sidney Crosby in CHICAGO zone.
16:09 of 3rd period - Shot by Cam Atkinson.
16:09 of 3rd period - Shot Blocked by Jared Spurgeon.
16:11 of 3rd period - Shot by Sidney Crosby.
16:11 of 3rd period - Stopped by Marc-Andre Fleury without a rebound.
16:12 of 3rd period - Bo Horvat wins face-off versus Zack Smith in CHICAGO zone.
17:19 of 3rd period - Mark Pysyk is hit by Sidney Crosby and loses puck.
17:36 of 3rd period - Shot by Sidney Crosby.
17:36 of 3rd period - Shot Misses the Net.
18:37 of 3rd period - Minor Penalty to Brandon Sutter for Interference.
18:38 of 3rd period - Bo Horvat wins face-off versus Tyler Bozak in WINNIPEG zone.
19:00 of 3rd period - CHICAGO, Marc-Andre Fleury is pulled from the net.
19:00 of 3rd period - Shot by Matt Dumba.
19:00 of 3rd period - Shot Misses the Net.
19:02 of 3rd period - Shot by Tyler Bozak.
19:02 of 3rd period - Stopped by Braden Holtby without a rebound.
19:03 of 3rd period - Bo Horvat wins face-off versus James van Riemsdyk in WINNIPEG zone.
19:28 of 3rd period - Shot by Jared Spurgeon.
19:28 of 3rd period - Shot Misses the Net.
19:30 of 3rd period - Shot by Nick Leddy.
19:30 of 3rd period - Stopped by Braden Holtby without a rebound.
19:31 of 3rd period - Tyler Bozak wins face-off versus Cam Atkinson in WINNIPEG zone.
19:32 of 3rd period - Shot by James Neal.
19:32 of 3rd period - Goal by James Neal - CHICAGO : 2 - WINNIPEG : 2.
19:32 of 3rd period - Marc-Andre Fleury from CHICAGO was sent back in the game.
19:33 of 3rd period - Erik Haula wins face-off versus Sidney Crosby in neutral zone.
19:40 of 3rd period - Troy Stecher is hit by Zack Smith and loses puck.
19:47 of 3rd period - Shot by Carl Hagelin.
19:47 of 3rd period - Shot Blocked by Cam Atkinson.
19:49 of 3rd period - Shot by Erik Haula.
19:49 of 3rd period - Shot Blocked by Troy Stecher.
Goals for this period are 1 for CHICAGO vs 0 for WINNIPEG.
Shots for this period are 10 for CHICAGO vs 16 for WINNIPEG.

Overtime #1


0:01 of 1st overtime period - Sidney Crosby wins face-off versus Ryan O'Reilly in neutral zone.
0:04 of 1st overtime period - Shot by Alexander Ovechkin.
0:04 of 1st overtime period - Shot Blocked by Matt Dumba.
0:06 of 1st overtime period - Shot by Alexander Edler.
0:06 of 1st overtime period - Shot Blocked by Nick Leddy.
0:12 of 1st overtime period - Shot by Alexander Ovechkin.
0:12 of 1st overtime period - Shot Misses the Net.
0:43 of 1st overtime period - Minor Penalty to Nick Leddy for High sticking.
0:44 of 1st overtime period - Bo Horvat wins face-off versus Erik Haula in CHICAGO zone.
0:51 of 1st overtime period - Shot by Nick Holden.
0:51 of 1st overtime period - Shot Blocked by Jared Spurgeon.
0:53 of 1st overtime period - Shot by Patrick Eaves.
0:53 of 1st overtime period - Stopped by Marc-Andre Fleury with a rebound.
0:55 of 1st overtime period - Shot by Bo Horvat.
0:55 of 1st overtime period - Deflect By Sven Baertschi.
0:55 of 1st overtime period - Stopped by Marc-Andre Fleury with a rebound.
0:57 of 1st overtime period - Shot by Patrick Eaves.
0:57 of 1st overtime period - Stopped by Marc-Andre Fleury with a rebound.
1:18 of 1st overtime period - Shot by Sven Baertschi.
1:18 of 1st overtime period - Stopped by Marc-Andre Fleury without a rebound.
1:19 of 1st overtime period - Erik Haula wins face-off versus Sidney Crosby in CHICAGO zone.
1:19 of 1st overtime period - Erik Haula is hit by Sidney Crosby.
1:32 of 1st overtime period - Cam Atkinson is hit by Connor Murphy.
1:36 of 1st overtime period - Shot by Patrick Marleau.
1:36 of 1st overtime period - Stopped by Marc-Andre Fleury with a rebound.
1:38 of 1st overtime period - Shot by Alexander Ovechkin.
1:38 of 1st overtime period - Stopped by Marc-Andre Fleury with a rebound.
1:40 of 1st overtime period - Shot by Patrick Marleau.
1:40 of 1st overtime period - Shot Misses the Net.
1:42 of 1st overtime period - Shot by Cam Atkinson.
1:42 of 1st overtime period - Stopped by Marc-Andre Fleury with a rebound.
1:44 of 1st overtime period - Shot by Alexander Edler.
1:44 of 1st overtime period - Stopped by Marc-Andre Fleury without a rebound.
1:45 of 1st overtime period - Erik Haula wins face-off versus Bo Horvat in CHICAGO zone.
1:50 of 1st overtime period - Shot by Troy Stecher.
1:50 of 1st overtime period - Stopped by Marc-Andre Fleury without a rebound.
1:51 of 1st overtime period - Bo Horvat wins face-off versus Carl Hagelin in CHICAGO zone.
2:06 of 1st overtime period - Shot by Bo Horvat.
2:06 of 1st overtime period - Shot Misses the Net.
2:08 of 1st overtime period - Shot by Troy Stecher.
2:08 of 1st overtime period - Shot Blocked by Jared Spurgeon.
2:10 of 1st overtime period - Shot by Bo Horvat.
2:10 of 1st overtime period - Stopped by Marc-Andre Fleury without a rebound.
2:11 of 1st overtime period - Sidney Crosby wins face-off versus Erik Haula in CHICAGO zone.
2:36 of 1st overtime period - Shot by Alexander Ovechkin.
2:36 of 1st overtime period - Shot Misses the Net.
2:40 of 1st overtime period - Shot by Alexander Ovechkin.
2:40 of 1st overtime period - Shot Misses the Net.
2:42 of 1st overtime period - Shot by Cam Atkinson.
2:42 of 1st overtime period - Stopped by Marc-Andre Fleury without a rebound.
2:43 of 1st overtime period - Brandon Sutter wins face-off versus Ryan O'Reilly in CHICAGO zone.
2:43 of 1st overtime period - Troy Stecher is hit by Matt Dumba and loses puck.
2:50 of 1st overtime period - Shot by Sven Baertschi.
2:50 of 1st overtime period - Deflect By Pierre-Alexandre Parenteau.
2:50 of 1st overtime period - Stopped by Marc-Andre Fleury without a rebound.
2:51 of 1st overtime period - Brandon Sutter wins face-off versus Ryan O'Reilly in CHICAGO zone.
3:08 of 1st overtime period - Shot by Ryan O'Reilly.
3:08 of 1st overtime period - Stopped by Braden Holtby without a rebound.
3:09 of 1st overtime period - Tyler Bozak wins face-off versus Sidney Crosby in WINNIPEG zone.
3:22 of 1st overtime period - Shot by Jared Spurgeon.
3:22 of 1st overtime period - Deflect By James Neal.
3:22 of 1st overtime period - Stopped by Braden Holtby without a rebound.
3:23 of 1st overtime period - Ryan O'Reilly wins face-off versus Bo Horvat in WINNIPEG zone.
3:27 of 1st overtime period - Filip Forsberg is hit by Nick Holden and loses puck.
3:46 of 1st overtime period - Filip Forsberg is hit by Patrick Eaves and loses puck.
4:05 of 1st overtime period - Shot by Filip Forsberg.
4:05 of 1st overtime period - Stopped by Braden Holtby without a rebound.
4:06 of 1st overtime period - Tyler Bozak wins face-off versus Cam Atkinson in WINNIPEG zone.
4:09 of 1st overtime period - Shot by James Neal.
4:09 of 1st overtime period - Stopped by Braden Holtby without a rebound.
4:10 of 1st overtime period - Tyler Bozak wins face-off versus Sidney Crosby in WINNIPEG zone.
4:41 of 1st overtime period - Shot by James van Riemsdyk.
4:41 of 1st overtime period - Shot Blocked by Christopher Tanev.
4:43 of 1st overtime period - Shot by Tyler Bozak.
4:43 of 1st overtime period - Shot Misses the Net.
4:47 of 1st overtime period - Shot by James Neal.
4:47 of 1st overtime period - Stopped by Braden Holtby without a rebound.
4:48 of 1st overtime period - Ryan O'Reilly wins face-off versus Bo Horvat in WINNIPEG zone.
4:57 of 1st overtime period - Shot by Rick Nash.
4:57 of 1st overtime period - Stopped by Braden Holtby without a rebound.
4:58 of 1st overtime period - Brandon Sutter wins face-off versus Erik Haula in WINNIPEG zone.
5:02 of 1st overtime period - Minor Penalty to Nick Holden for Holding.
5:03 of 1st overtime period - Brandon Sutter wins face-off versus Ryan O'Reilly in WINNIPEG zone.
5:15 of 1st overtime period - Icing by Nick Leddy.
5:16 of 1st overtime period - Brandon Sutter wins face-off versus Ryan O'Reilly in CHICAGO zone.
5:33 of 1st overtime period - Shot by James van Riemsdyk.
5:33 of 1st overtime period - Shot Misses the Net.
5:35 of 1st overtime period - Shot by Filip Forsberg.
5:35 of 1st overtime period - Stopped by Braden Holtby without a rebound.
5:36 of 1st overtime period - Brandon Sutter wins face-off versus Rick Nash in WINNIPEG zone.
5:53 of 1st overtime period - Shot by James Neal.
5:53 of 1st overtime period - Shot Blocked by Matt Hunwick.
6:05 of 1st overtime period - Shot by Tyler Bozak.
6:05 of 1st overtime period - Deflect By James Neal.
6:05 of 1st overtime period - Shot Misses the Net.
6:07 of 1st overtime period - Shot by Tyler Bozak.
6:07 of 1st overtime period - Shot Misses the Net.
6:09 of 1st overtime period - Shot by Connor Murphy.
6:09 of 1st overtime period - Shot Misses the Net.
6:11 of 1st overtime period - Shot by Rick Nash.
6:11 of 1st overtime period - Goal by Rick Nash - CHICAGO : 3 - WINNIPEG : 2.
Goals for this period are 1 for CHICAGO vs 0 for WINNIPEG.
Shots for this period are 8 for CHICAGO vs 12 for WINNIPEG.